 Dungeon Crawl Stone Soup version 0.31-a0-437-g7cee417757 (webtiles) character file.

Game seed: 15035563376177826890

79 AdnanSaban the Covered (level 4, 0/29 HPs)
             Began as a Gargoyle Fighter on Aug 1, 2023.
             Slain by a cerulean imp
             ... wielding a +3 spear
             ... summoned by Natasha
              (6 damage)
             ... on level 2 of the Dungeon.
             The game lasted 00:01:02 (1824 turns).

AdnanSaban the Covered (Gargoyle Fighter)           Turns: 1824, Time: 00:01:03

Health: 0/29       AC: 10    Str: 21    XL:     4   Next: 38%
Magic:  4/4        EV:  9    Int:  9    God:
Gold:   62         SH:  6    Dex:  9    Spells: 3/3 levels left

rFire   . . .        a - +0 flail
rCold   . . .        n - +2 buckler
rNeg    + . .        b - +0 scale mail
rPois   ∞            (no helmet)
rElec   +            (no cloak)
rCorr   .            (no gloves)
SInv    .            (no boots)
Will    .....        (no amulet) Stlth
                     (no ring)
HPRegen 0.24/turn    (no ring)
MPRegen 0.09/turn

%: no passive effects
@: no status effects
A: sickness immunity, AC +3, negative energy resistance 1, electricity
resistance, torment resistance 1, petrification resistance
a: no special abilities


You were on level 2 of the Dungeon.
You visited 1 branch of the dungeon, and saw 2 of its levels.

You collected 62 gold pieces.

Inventory:

Hand Weapons
 a - a +0 flail (weapon)
Armour
 b - a +0 scale mail (worn)
 n - a +2 buckler (worn)
Scrolls
 f - 4 scrolls of identify {unknown}
 g - a scroll of teleportation {unknown}
 h - a scroll of poison {unknown}
 i - a scroll of noise {unknown}
 k - a scroll of revelation {unknown}
 l - a scroll of immolation {unknown}
Potions
 d - a potion of might
 e - a potion of cancellation {unknown}
 j - 3 potions of enlightenment {unknown}
 m - a potion of heal wounds {unknown}


   Skills:
 + Level 3.6 Fighting
 + Level 3.2 Maces & Flails
 + Level 4.0 Armour
 + Level 0.1 Dodging
 + Level 3.6 Shields


You had 3 spell levels left.
You didn't know any spells.
Your spell library contained the following spells:

 Spells                   Type           Power      Damage    Failure   Level
 Summon Small Mammal      Summ           0%         N/A       78%         1
 Wereblood                Tmut           0%         N/A       89%         2
 Call Canine Familiar     Summ           0%         N/A       98%         3
 Summon Guardian Golem    Hex/Summ       0%         N/A       98%         3
 Summon Hydra             Summ           0%         N/A       100%        7
 Sublimation of Blood     Necr           Unusable   N/A       N/A         2

Dungeon Overview and Level Annotations

Branches:
Dungeon (2/15)

Altars:

Annotations:
D:2 Natasha


Innate Abilities, Weirdness & Mutations

You are immune to sickness and miasma.
Your stone body is resilient. (AC +3)
You are immune to poison.
You resist negative energy. (rN+)
You are resistant to electric shocks. (rElec)
You are resistant to unholy torment.
You are immune to petrification.


Message History

The cerulean imp hits you from afar with a +2 spear.
You miss the cerulean imp.
Natasha stares at you and mumbles some strange words.
The magic dart hits you.
The cerulean imp hits you with a +3 spear.
The cerulean imp barely misses you.
The cerulean imp hits you but does no damage.
You miss the cerulean imp.
The cerulean imp hits you with a +3 spear.
The cerulean imp hits you but does no damage.
You block the cerulean imp's attack. Natasha claws you.
You closely miss the cerulean imp. The cerulean imp completely misses you.
The cerulean imp barely misses you.
The cerulean imp hits you but does no damage.
Natasha claws you.
The cerulean imp hits you but does no damage.
You are too injured to fight recklessly!
You are too injured to fight recklessly!
You are too injured to fight recklessly!
You are too injured to fight recklessly!
You are too injured to fight recklessly!
You are too injured to fight recklessly!
You are too injured to fight recklessly!
You are too injured to fight recklessly!
You are too injured to fight recklessly!
You are too injured to fight recklessly!
You are too injured to fight recklessly!
You are too injured to fight recklessly!
You are too injured to fight recklessly!
You are too injured to fight recklessly!
You are too injured to fight recklessly!
You are too injured to fight recklessly!
Unknown command.
You closely miss Natasha.
The cerulean imp hits you from afar with a +2 spear!
* * * LOW HITPOINT WARNING * * *
Natasha claws you.
* * * LOW HITPOINT WARNING * * *
The cerulean imp hits you with a +3 spear.
You die...

#..........# #...........
#.........<# #...........
######'######### #........###
#...........# #........#
#.#.#######.# #........#
###.#.......#.###........###
.>........5......'...........
#.##......55h#.###........... #.
#########@..# #########.##
#.##########.#############.##
#............................
#.###........###.............#.##
#)#.+........# #############.#.#
#.#.#........# #.....#.#
#.#.#........# #.#####.#
#.#.####'##### #.# #.# #.#.# #.#
#.# #.#


You could see Natasha and 3 cerulean imps.

Vanquished Creatures
  Natasha (D:2)
  2 adders (D:2)
  A dart slug (D:2)
  3 orcs (D:2)
  2 ball pythons
  A bat (D:2)
  4 endoplasms
  A giant cockroach (D:2)
  2 jackals (D:2)
  A quokka (D:2)
  3 frilled lizards (D:1)
  4 goblins
  5 kobolds (D:1)
  2 rats
32 creatures vanquished.

Notes
Turn   | Place    | Note
-------+----------+-------------------------------------------
     0 | D:1      | AdnanSaban the Gargoyle Fighter began the quest for the
                  | Orb.
     0 | D:1      | Reached XP level 1. HP: 14/14 MP: 1/1
   411 | D:1      | Reached XP level 2. HP: 12/19 MP: 2/2
  1183 | D:2      | Reached XP level 3. HP: 17/23 MP: 3/3
  1601 | D:2      | Noticed Natasha
  1607 | D:2      | Killed Natasha
  1608 | D:2      | Reached skill level 4 in Armour
  1608 | D:2      | Reached XP level 4. HP: 21/28 MP: 4/4
  1817 | D:2      | Noticed Natasha
  1824 | D:2      | Slain by a cerulean imp

Illustrated notes

Levels and vault maps discovered:
D:1:      dpeg_arrival_rooms_a, layout_loops_corners
D:2:      layout_basic, uniq_natasha

Skill      XL: |  1  2  3 |
---------------+----------+-----
Maces & Flails | 3 |  3.2
Armour         | 4 |  4.0
Fighting       | |  3.6
Dodging        | |  0.1
Shields        | |  3.6

Action                     |  1- 3 |  4- 6 || total
---------------------------+-------+-------++-------
  Melee: Flail             |    98 |    34 ||   132
 Armour: Scale mail        |    43 |    25 ||    68
  Dodge: Dodged            |    56 |    15 ||    71
  Block: Buckler           |    14 |    11 ||    25

Table legend: (Time is in decaauts)
 A = Elapsed time spent in this place.
 B = Non-inter-level travel time spent in this place.
 C = Inter-level travel time spent in this place.
 D = Time resting spent in this place.
 E = Time spent auto-exploring this place.
 F = Levels seen in this place.
 G = Mean time per level.
                   A        B        C        D        E       F      G
               +--------+--------+--------+--------+--------+-----+--------+
         Total |   1871 |   1829 |     42 |      0 |   1512 |   2 |  935.5 |
       Dungeon |   1871 |   1829 |     42 |      0 |   1512 |   2 |  935.5 |
               +--------+--------+--------+--------+--------+-----+--------+

Top non-repeatable levels by time:
     D:1: 1028 daAuts
     D:2: 843 daAuts
